 Dungeon Crawl Stone Soup version 0.30-a0-639-g3916f1956a (webtiles) character file.

Game seed: 16579146503384795825

291 NinjaNoafa the Trooper (level 6, -1/56 HPs)
             Began as a Hill Orc Fighter on Jan 17, 2023.
             Slain by an adder (2 damage)
             ... in a sewer.
             The game lasted 00:09:48 (1949 turns).

NinjaNoafa the Trooper (Hill Orc Fighter)           Turns: 1949, Time: 00:09:48

Health: -1/56      AC:  7    Str: 22 (25) XL:     6   Next: 32%
Magic:  6/6        EV:  9    Int:  6 (7)  God:
Gold:   104        SH:  4    Dex:  7 (9)  Spells: 5/5 levels left

rFire   + . .      SeeInvis .    a - +0 war axe
rCold   . . .      Faith    .    c - +0 buckler
rNeg    . . .      Spirit   .    b - +0 scale mail
rPois   .          Reflect  .    (no helmet)
rElec   .          Harm     .    (no cloak)
rCorr   .          Rampage  .    (no gloves)
Will    .....                    (no boots) Stlth
                                 (no amulet)
HPRegen 0.29/turn                (no ring)
MPRegen 0.10/turn                (no ring)

@: mighty, lethally poisoned (-1 -> -5), attractive, very slow
A: talons 1, fire resistance 1, sense surroundings 1, strong 1
a: no special abilities


You were in a sewer.
You visited 1 branch of the dungeon, and saw 3 of its levels.
You also visited: Sewer.

You collected 104 gold pieces.

Inventory:

Hand Weapons
 a - a +0 war axe (weapon)
Armour
 b - a +0 scale mail (worn)
 c - a +0 buckler (worn)
Scrolls
 g - 2 scrolls of teleportation
 k - a scroll of magic mapping {unknown}
 l - a scroll of enchant weapon {unknown}
 n - a scroll of blinking {unknown}
 o - 3 scrolls of enchant armour {unknown}
 p - 2 scrolls of amnesia {unknown}
Potions
 d - a potion of might
 e - 2 potions of flight
 j - a potion of haste {unknown}
 m - 2 potions of attraction


   Skills:
 - Level 5.0 Fighting
 + Level 4.8 Axes
 - Level 5.0 Armour
 + Level 4.5 Shields


You had 5 spell levels left.
You didn't know any spells.
Your spell library contained the following spells:

 Spells                   Type           Power      Damage    Failure   Level
 Ozocubu's Armour         Ice            0%         N/A       99%         3
 Ozocubu's Refrigeration  Ice            0%         4d7       100%        7


Dungeon Overview and Level Annotations

Branches:
Dungeon (3/15)              Sewer (1/1)

Altars:


Innate Abilities, Weirdness & Mutations

You have sharp toenails.
Your flesh is heat resistant. (rF+)
You passively map a small area around you.
Your muscles are strong. (Str +4, Int/Dex -1)


Message History

The adder completely misses you.
Your unstable footing causes you to fumble your attack.
You feel sick. The adder bites you but does no damage.
You block the adder's attack. The adder bites you.
* * * LOW HITPOINT WARNING * * *
You are more poisoned.
The adder poisons you! The adder bites you but does no damage.
Your unstable footing causes you to fumble your attack.
You feel very sick. The adder bites you.
* * * LOW HITPOINT WARNING * * *
The adder bites you.
* * * LOW HITPOINT WARNING * * *
You are lethally poisoned!
The adder poisons you! The adder bites you but does no damage.
Your unstable footing causes you to fumble your attack.
* * * LOW HITPOINT WARNING * * *
You feel very sick. The adder bites you but does no damage.
The adder closely misses you. The adder bites you but does no damage.
It was a potion of attraction.
You feel attractive to monsters.
* * * LOW HITPOINT WARNING * * *
You feel sick. The adder bites you but does no damage. The adder bites you.
* * * LOW HITPOINT WARNING * * *
The adder bites you.
* * * LOW HITPOINT WARNING * * *
It was a potion of mutation.
You feel extremely strange.
You feel a strange attunement to the structure of the dungeons.
You feel stronger.
Your toenails lengthen and sharpen.
You feel resistant to heat.
* * * LOW HITPOINT WARNING * * *
You feel sick.
The adder bites you but does no damage. x2
The adder barely misses you.
It was a potion of degeneration.
There was something very wrong with that liquid.
You feel weakened.
You feel dopey.
You feel clumsy.
* * * LOW HITPOINT WARNING * * *
You feel sick. The adder barely misses you. The adder bites you.
You die...

#..#†.† ####...
####################....
....≈≈≈≈≈≈≈≈≈≈≈≈≈≈~#.....
....~≈~≈~≈≈≈≈≈≈≈~~~.....#
*
...~#~~~~≈≈≈~~~~~~~~....#
...~~≈~~~#≈~≈~~~≈~~~....#
....~≈≈S#~..~≈~≈~≈~~...##
....≈~SS@~~~~~≈≈≈~~#.###
######################


You could see 2 adders and a ball python.

Vanquished Creatures
  2 bullfrogs (Sewer)
  5 adders
  4 river rats (Sewer)
  3 dart slugs
  An orc (D:3)
  3 bats
  6 endoplasms
  6 goblins
  4 hobgoblins
  6 jackals
  2 quokkas (D:1)
  12 ball pythons
  9 frilled lizards
  2 kobolds
  24 rats
89 creatures vanquished.

Vanquished Creatures (others)
  6 fungi (D:3)
  A plant (D:3)
7 creatures vanquished.

Grand Total: 96 creatures vanquished

Notes
Turn   | Place    | Note
-------+----------+-------------------------------------------
     0 | D:1      | NinjaNoafa the Hill Orc Fighter began the quest for the
                  | Orb.
     0 | D:1      | Reached XP level 1. HP: 19/19 MP: 1/1
    82 | D:1      | Reached XP level 2. HP: 27/27 MP: 2/2
   177 | D:1      | Found Vimpon's Weapon Emporium.
   318 | D:1      | Reached XP level 3. HP: 33/33 MP: 3/3
  1056 | D:2      | Reached XP level 4. HP: 30/41 MP: 4/4
  1416 | D:3      | Found a glowing drain.
  1429 | Sewer    | Entered a sewer
  1702 | Sewer    | Reached XP level 5. HP: 47/47 MP: 5/5
  1756 | Sewer    | Reached skill level 5 in Fighting
  1937 | Sewer    | Reached skill level 5 in Armour
  1937 | Sewer    | Reached XP level 6. HP: 28/56 MP: 6/6
  1948 | Sewer    | Gained mutation: You passively map a small area around you.
                  | [potion of mutation]
  1948 | Sewer    | Gained mutation: Your muscles are strong. (Str +4, Int/Dex
                  | -1) [potion of mutation]
  1948 | Sewer    | Gained mutation: You have sharp toenails. [potion of
                  | mutation]
  1948 | Sewer    | Gained mutation: Your flesh is heat resistant. (rF+)
                  | [potion of mutation]
  1948 | Sewer    | HP: 1/56 [poisoned by an adder]
  1949 | Sewer    | Slain by an adder

Illustrated notes

Levels and vault maps discovered:
D:1:      grunt_arrival_crossed_arrows, layout_basic, serial_shops,
          nicolae_shop_bloodbath_and_beyond, minivault_14, st_stairs_8
D:2:      layout_rooms
D:3:      layout_loops_ring, serial_shops, shop_fountains,
          dreamdust_ecumenical_altar_grove, portal_sewer_entry_a
Sewer:    sewer_minmay_w

Skill      XL: |  1  2  3  4  5 |
---------------+----------------+-----
Fighting       | 4 5 |  5.0
Axes           | 3 4 |  4.8
Armour         | 4 5 |  5.0
Shields        | 4 |  4.5

Action                   |  1- 3 |  4- 6 || total
-------------------------+-------+-------++-------
Melee: War axe           |    88 |   107 ||   195
  Use: Scroll            |       |     6 ||     6
       Potion            |       |     6 ||     6
Armor: Scale mail        |    35 |   106 ||   141
Dodge: Dodged            |    54 |   117 ||   171
Block: Buckler           |    24 |    55 ||    79

Table legend: (Time is in decaauts)
 A = Elapsed time spent in this place.
 B = Non-inter-level travel time spent in this place.
 C = Inter-level travel time spent in this place.
 D = Time resting spent in this place.
 E = Time spent auto-exploring this place.
 F = Levels seen in this place.
 G = Mean time per level.
                   A        B        C        D        E       F      G
               +--------+--------+--------+--------+--------+-----+--------+
         Total |   2056 |   2005 |     51 |      0 |   1476 |   4 |  514.0 |
       Dungeon |   1471 |   1420 |     51 |      0 |   1094 |   3 |  490.3 |
         Sewer |    585 |    585 |      0 |      0 |    382 |   1 |  585.0 |
               +--------+--------+--------+--------+--------+-----+--------+

Top non-repeatable levels by time:
     D:1: 722 daAuts
     D:2: 596 daAuts
   Sewer: 585 daAuts
     D:3: 152 daAuts
